[ AOE2 MATCH · #504682341 ]
UnrankedHuns vs Hindustanis
Player's team · WIN
[ REPLAY ANALYSIS · EXTRACTED FROM THE RECORDED GAME ]
Feudal
8:50
Castle
—
Imperial
—
| APM avg | 52.7 |
| APM peak | 80 |
| eAPM avg | 21.8 |
| Villagers / military | 77 / 31 |
Focus
⚔️ 38.3% · 🌾 61.7%
Archer ×14 · Scout Cavalry ×14 · Militia ×3
Feudal
14:22
Castle
18:15
Imperial
—
| APM avg | 56.0 |
| APM peak | 106 |
| eAPM avg | 24.2 |
| Villagers / military | 34 / 23 |
Focus
⚔️ 39.3% · 🌾 60.7%
Scorpion ×16 · Militia ×5 · Armored Elephant ×2
Match map
Initial resources + every placement click. Lines = walls · curves = elevation contours. ◆ gold · ⬟ stone · ● berries · ✦ relic · ◌ wall gap
Your base· Open — unwalled flank
HR nomadplayer's base· ✓ Closed at 18:15 · 57t walls · 2 gate(s)
Smoothed initial terrain · ◌ = detected wall gap · hover for details
Inputs per minute
— ROI - - HR nomadplayer
Build order — ROI
First 150 of 189 actions detected
| 0:00 | Create | Villager (Male) |
| 0:01 | Create | Villager (Male) |
| 0:01 | Create | Villager (Male) |
| 0:01 | Create | Villager (Male) |
| 1:14 | Create | Villager (Male) |
| 1:14 | Create | Villager (Male) |
| 1:38 | Create | Villager (Male) |
| 1:58 | Build | Lumber Camp |
| 2:10 | Create | Villager (Male) |
| 2:10 | Create | Villager (Male) |
| 2:40 | Create | Villager (Male) |
| 2:49 | Create | Villager (Male) |
| 2:50 | Create | Villager (Male) |
| 3:20 | Create | Villager (Male) |
| 3:20 | Create | Villager (Male) |
| 3:43 | Create | Villager (Male) |
| 3:43 | Create | Villager (Male) |
| 4:05 | Create | Villager (Male) |
| 4:05 | Create | Villager (Male) |
| 4:30 | Create | Villager (Male) |
| 4:30 | Create | Villager (Male) |
| 4:55 | Create | Villager (Male) |
| 4:56 | Create | Villager (Male) |
| 4:56 | Create | Villager (Male) |
| 5:04 | Create | Villager (Male) |
| 5:22 | Create | Villager (Male) |
| 5:26 | Build | Barracks |
| 6:06 | Research | Loom |
| 6:11 | Build | Palisade Wall |
| 6:35 | Research | Feudal Age |
| 6:35 | Research | Feudal Age |
| 6:52 | Create | Militia |
| 7:16 | Create | Militia |
| 7:18 | Build | Mining Camp |
| 7:52 | Create | Militia |
| 7:55 | Build | Palisade Wall |
| 8:02 | Build | Palisade Wall |
| 8:50 | Age | Feudal Age |
| 9:02 | Build | Palisade Wall |
| 9:08 | Create | Villager (Male) |
| 9:18 | Build | Palisade Wall |
| 9:20 | Build | Palisade Wall |
| 9:26 | Create | Villager (Male) |
| 9:39 | Research | Man-at-Arms (upgrade) |
| 9:39 | Research | Man-at-Arms (upgrade) |
| 9:47 | Build | Palisade Wall |
| 9:51 | Create | Villager (Male) |
| 9:55 | Build | Archery Range |
| 10:20 | Create | Villager (Male) |
| 10:21 | Research | Double-Bit Axe |
| 10:33 | Create | Archer |
| 10:38 | Create | Villager (Male) |
| 10:38 | Create | Villager (Male) |
| 10:53 | Create | Villager (Male) |
| 11:34 | Create | Villager (Male) |
| 11:34 | Create | Villager (Male) |
| 11:53 | Create | Archer |
| 12:11 | Create | Villager (Male) |
| 12:16 | Create | Villager (Male) |
| 12:26 | Create | Villager (Male) |
| 13:02 | Create | Villager (Male) |
| 13:08 | Create | Archer |
| 13:24 | Build | Palisade Wall |
| 13:32 | Build | Palisade Wall |
| 13:35 | Build | Palisade Wall |
| 13:39 | Build | Palisade Wall |
| 13:40 | Build | Palisade Wall |
| 13:47 | Create | Villager (Male) |
| 13:54 | Create | Archer |
| 13:59 | Create | Villager (Male) |
| 14:01 | Build | Blacksmith |
| 14:19 | Create | Villager (Male) |
| 14:22 | Build | Mill |
| 14:25 | Build | Mining Camp |
| 14:33 | Create | Archer |
| 15:02 | Build | Watch Tower |
| 15:06 | Create | Archer |
| 15:11 | Build | Farm |
| 15:12 | Build | Farm |
| 15:29 | Build | Farm |
| 15:30 | Build | Farm |
| 15:35 | Create | Villager (Male) |
| 15:38 | Create | Archer |
| 16:01 | Create | Archer |
| 16:05 | Create | Villager (Male) |
| 16:07 | Build | Farm |
| 16:07 | Build | Farm |
| 16:18 | Create | Villager (Male) |
| 16:22 | Build | Farm |
| 16:23 | Build | Farm |
| 16:29 | Create | Villager (Male) |
| 16:32 | Create | Archer |
| 16:39 | Build | Farm |
| 17:02 | Create | Villager (Male) |
| 17:06 | Create | Archer |
| 17:15 | Build | Palisade Wall |
| 17:16 | Build | Palisade Wall |
| 17:16 | Build | Palisade Wall |
| 17:17 | Build | Palisade Wall |
| 17:19 | Create | Villager (Male) |
| 17:28 | Create | Villager (Male) |
| 17:29 | Build | Farm |
| 17:31 | Build | Farm |
| 17:33 | Create | Villager (Male) |
| 17:40 | Build | Palisade Wall |
| 17:48 | Create | Villager (Male) |
| 18:00 | Build | Outpost |
| 18:04 | Build | Watch Tower |
| 18:06 | Create | Villager (Male) |
| 18:10 | Build | Farm |
| 18:16 | Create | Villager (Male) |
| 18:32 | Create | Villager (Male) |
| 18:34 | Build | Stable |
| 18:37 | Build | Palisade Wall |
| 18:38 | Build | Palisade Wall |
| 19:03 | Research | Wheelbarrow |
| 19:07 | Research | Fletching |
| 19:08 | Create | Villager (Male) |
| 19:11 | Build | Farm |
| 19:13 | Build | Farm |
| 19:19 | Build | Farm |
| 19:29 | Create | Villager (Male) |
| 19:33 | Build | Farm |
| 19:35 | Create | Scout Cavalry |
| 19:38 | Create | Villager (Male) |
| 19:43 | Build | Watch Tower |
| 20:02 | Create | Villager (Male) |
| 20:05 | Create | Scout Cavalry |
| 20:07 | Create | Villager (Male) |
| 20:25 | Create | Scout Cavalry |
| 20:30 | Build | Palisade Wall |
| 20:32 | Build | Palisade Wall |
| 20:34 | Build | Palisade Wall |
| 20:37 | Build | Palisade Wall |
| 20:44 | Build | Outpost |
| 20:54 | Create | Scout Cavalry |
| 21:09 | Build | Lumber Camp |
| 21:14 | Build | Lumber Camp |
| 21:21 | Create | Scout Cavalry |
| 21:34 | Create | Villager (Male) |
| 21:40 | Create | Scout Cavalry |
| 21:50 | Create | Villager (Male) |
| 22:03 | Create | Villager (Male) |
| 22:16 | Create | Scout Cavalry |
| 22:21 | Create | Villager (Male) |
| 22:30 | Create | Villager (Male) |
| 22:33 | Create | Scout Cavalry |
| 22:56 | Build | Farm |
| 22:58 | Build | Farm |
| 23:02 | Create | Villager (Male) |
Build order — HR nomadplayer
112 actions detected in the replay
| 0:00 | Create | Villager (Male) |
| 0:01 | Build | House |
| 0:03 | Build | House |
| 0:17 | Create | Villager (Male) |
| 0:17 | Create | Villager (Male) |
| 0:31 | Create | Villager (Male) |
| 0:31 | Create | Villager (Male) |
| 1:03 | Create | Villager (Male) |
| 1:33 | Create | Villager (Male) |
| 1:33 | Create | Villager (Male) |
| 2:04 | Create | Villager (Male) |
| 2:42 | Build | Lumber Camp |
| 2:45 | Create | Villager (Male) |
| 2:59 | Create | Villager (Male) |
| 3:38 | Create | Villager (Male) |
| 3:39 | Create | Villager (Male) |
| 3:39 | Create | Villager (Male) |
| 3:46 | Build | House |
| 3:52 | Build | House |
| 4:21 | Create | Villager (Male) |
| 4:21 | Create | Villager (Male) |
| 4:21 | Create | Villager (Male) |
| 5:11 | Create | Villager (Male) |
| 5:30 | Build | Barracks |
| 5:34 | Create | Villager (Male) |
| 6:19 | Research | Loom |
| 6:23 | Create | Villager (Male) |
| 6:27 | Create | Militia |
| 6:29 | Build | House |
| 6:30 | Build | Palisade Wall |
| 6:32 | Build | House |
| 6:38 | Build | Palisade Wall |
| 6:44 | Create | Militia |
| 6:48 | Create | Villager (Male) |
| 6:58 | Create | Villager (Male) |
| 7:01 | Create | Militia |
| 7:10 | Create | Villager (Male) |
| 7:18 | Build | Mining Camp |
| 7:22 | Create | Militia |
| 7:35 | Create | Militia |
| 7:36 | Create | Villager (Male) |
| 7:54 | Create | Villager (Male) |
| 8:37 | Create | Villager (Male) |
| 8:40 | Research | Loom |
| 8:51 | Create | Villager (Male) |
| 8:54 | Create | Villager (Male) |
| 9:03 | Build | Mill |
| 9:09 | Build | Mill |
| 10:02 | Create | Villager (Male) |
| 10:04 | Build | Farm |
| 10:05 | Build | Farm |
| 10:05 | Build | Farm |
| 10:06 | Create | Villager (Male) |
| 10:14 | Build | Palisade Wall |
| 10:16 | Build | Palisade Wall |
| 10:19 | Build | Palisade Wall |
| 10:20 | Build | Palisade Wall |
| 10:21 | Build | Palisade Wall |
| 10:21 | Build | Palisade Wall |
| 10:22 | Build | Palisade Wall |
| 10:28 | Build | Palisade Wall |
| 10:39 | Create | Villager (Male) |
| 10:41 | Build | House |
| 10:43 | Build | Palisade Wall |
| 10:48 | Build | Palisade Wall |
| 10:54 | Build | Palisade Wall |
| 11:41 | Build | Palisade Wall |
| 12:12 | Research | Feudal Age |
| 12:27 | Build | House |
| 12:29 | Build | Palisade Gate |
| 13:12 | Build | Palisade Wall |
| 14:18 | Build | Farm |
| 14:22 | Age | Feudal Age |
| 14:25 | Create | Villager (Male) |
| 14:43 | Build | Market |
| 14:45 | Build | Blacksmith |
| 15:35 | Research | Castle Age |
| 15:42 | Build | Palisade Gate |
| 16:52 | Build | House |
| 16:56 | Build | House |
| 17:10 | Build | House |
| 17:20 | Build | House |
| 18:15 | Age | Castle Age |
| 18:29 | Build | Siege Workshop |
| 18:33 | Build | Siege Workshop |
| 18:45 | Build | Stone Wall |
| 19:11 | Create | Scorpion |
| 19:16 | Create | Scorpion |
| 19:18 | Create | Armored Elephant |
| 19:25 | Create | Armored Elephant |
| 19:47 | Build | Palisade Wall |
| 19:49 | Build | Palisade Wall |
| 20:17 | Create | Scorpion |
| 20:17 | Create | Scorpion |
| 20:39 | Create | Scorpion |
| 20:39 | Create | Scorpion |
| 21:19 | Create | Scorpion |
| 21:56 | Create | Villager (Male) |
| 22:48 | Create | Scorpion |
| 22:52 | Create | Scorpion |
| 22:52 | Create | Scorpion |
| 23:19 | Create | Scorpion |
| 23:19 | Create | Scorpion |
| 23:29 | Create | Scorpion |
| 23:29 | Create | Scorpion |
| 23:44 | Build | Stone Wall |
| 23:44 | Build | Stone Wall |
| 23:45 | Build | Stone Wall |
| 24:38 | Create | Villager (Male) |
| 24:45 | Create | Scorpion |
| 24:45 | Create | Scorpion |
| 25:02 | Build | Watch Tower |
Match timeline
| 5:26 | ROI · first_building Barracks |
| 5:30 | HR nomadplayer · first_building Barracks |
| 6:11 | ROI · wall_segment Palisade Wall x1 |
| 6:30 | HR nomadplayer · wall_segment Palisade Wall x1 |
| 6:38 | HR nomadplayer · wall_segment Palisade Wall x1 |
| 7:55 | ROI · wall_segment Palisade Wall x1 |
| 8:02 | ROI · wall_segment Palisade Wall x6 |
| 8:50 | ROI · age_up feudal |
| 9:02 | ROI · wall_segment Palisade Wall x5 |
| 9:18 | ROI · wall_segment Palisade Wall x1 |
| 9:20 | ROI · wall_segment Palisade Wall x1 |
| 9:47 | ROI · wall_segment Palisade Wall x1 |
| 9:55 | ROI · first_building Archery Range |
| 10:14 | HR nomadplayer · wall_segment Palisade Wall x1 |
| 10:16 | HR nomadplayer · wall_segment Palisade Wall x1 |
| 10:19 | HR nomadplayer · wall_segment Palisade Wall x1 |
| 10:20 | HR nomadplayer · wall_segment Palisade Wall x1 |
| 10:21 | HR nomadplayer · wall_segment Palisade Wall x1 |
| 10:21 | HR nomadplayer · wall_segment Palisade Wall x1 |
| 10:22 | HR nomadplayer · wall_segment Palisade Wall x1 |
| 10:28 | HR nomadplayer · wall_segment Palisade Wall x4 |
| 10:43 | HR nomadplayer · wall_segment Palisade Wall x5 |
| 10:48 | HR nomadplayer · wall_segment Palisade Wall x12 |
| 10:54 | HR nomadplayer · wall_segment Palisade Wall x19 |
| 11:41 | HR nomadplayer · wall_segment Palisade Wall x1 |
| 13:12 | HR nomadplayer · wall_segment Palisade Wall x7 |
| 13:24 | ROI · wall_segment Palisade Wall x1 |
| 13:32 | ROI · wall_segment Palisade Wall x1 |
| 13:35 | ROI · wall_segment Palisade Wall x1 |
| 13:39 | ROI · wall_segment Palisade Wall x1 |
| 13:40 | ROI · wall_segment Palisade Wall x1 |
| 14:22 | HR nomadplayer · age_up feudal |
| 15:24 | HR nomadplayer · first_market_buy 100 food |
| 15:27 | HR nomadplayer · first_market_sell 100 wood |
| 17:15 | ROI · wall_segment Palisade Wall x1 |
| 17:16 | ROI · wall_segment Palisade Wall x1 |
| 17:16 | ROI · wall_segment Palisade Wall x1 |
| 17:17 | ROI · wall_segment Palisade Wall x1 |
| 17:40 | ROI · wall_segment Palisade Wall x6 |
| 18:15 | HR nomadplayer · age_up castle |
| 18:29 | HR nomadplayer · first_building Siege Workshop |
| 18:34 | ROI · first_building Stable |
| 18:37 | ROI · wall_segment Palisade Wall x1 |
| 18:38 | ROI · wall_segment Palisade Wall x1 |
| 18:45 | HR nomadplayer · wall_segment Stone Wall x9 |
| 19:47 | HR nomadplayer · wall_segment Palisade Wall x1 |
| 19:49 | HR nomadplayer · wall_segment Palisade Wall x1 |
| 20:30 | ROI · wall_segment Palisade Wall x1 |
| 20:32 | ROI · wall_segment Palisade Wall x1 |
| 20:34 | ROI · wall_segment Palisade Wall x1 |
| 20:37 | ROI · wall_segment Palisade Wall x1 |
| 23:09 | ROI · wall_segment Palisade Wall x4 |
| 23:44 | HR nomadplayer · wall_segment Stone Wall x1 |
| 23:44 | HR nomadplayer · wall_segment Stone Wall x1 |
| 23:45 | HR nomadplayer · wall_segment Stone Wall x1 |
| 26:16 | HR nomadplayer · resign |
[ AI ANALYSIS · 1 CREDIT ]
What really happened in this match?
Wolo.gg analyzes every decision: build order, eco, micro, common mistakes by bracket. Personalized analysis on WhatsApp or Discord in 30 seconds.
Civ guide
Huns
Perfil
Jugador #974876